 Dungeon Crawl Stone Soup version 0.27-a0-965-gbf8bb431c4 (webtiles) character file.

Game seed: 6756575558746357635

107 leviel the Magician (level 4, -22/31 HPs)
             Began as a Djinni Venom Mage on Apr 12, 2021.
             Blown up by Ijyb (31 damage)
             ... with a mindburst bolt
             ... on level 3 of the Dungeon.
             The game lasted 00:02:52 (1850 turns).

leviel the Magician (Djinni Venom Mage)             Turns: 1850, Time: 00:02:53

Health: -22/31     AC:  2    Str:  7    XL:     4   Next: 86%
Gold:   69         EV: 12    Int: 18    God:
                   SH:  0    Dex: 13

rFire    + + .     SeeInvis .   (no weapon)
rCold    x . .     Faith    .   (no shield)
rNeg     . . .     Spirit   .   a - +0 robe
rPois    ∞         Reflect  .   (no helmet)
rElec    .         Harm     .   (no cloak)
rCorr    .         Rampage  .   (no gloves)
Will     .....                  (boots unavailable)
Stlth    ++........             g - amulet of regeneration
HPRegen  1.10/turn              (no ring)
MPRegen  0.00/turn              (no ring)

@: flying
A: fire resistance 2, cold vulnerability 1, float, innate caster, hp casting,
extra vitality 1
a: no special abilities


You were on level 3 of the Dungeon.
You visited 1 branch of the dungeon, and saw 3 of its levels.

You collected 69 gold pieces.

Inventory:

Armour
 a - a +0 robe (worn)
Jewellery
 g - an amulet of regeneration (around neck)
Scrolls
 c - a scroll of noise {unknown}
 d - 3 scrolls of identify {unknown}
 h - a scroll of teleportation {unknown}
 j - a scroll of immolation {unknown}
 k - a scroll of acquirement {unknown}
 m - a scroll of fog {unknown}
Potions
 e - a potion of degeneration {unknown}
 f - 2 potions of ambrosia {unknown}
 i - 2 potions of curing {unknown}
 l - a potion of brilliance {unknown}
 n - a potion of invisibility {unknown}


   Skills:
 + Level 0.5 Fighting
 + Level 2.3 Dodging
 + Level 2.1 Stealth
 + Level 4.3 Spellcasting


You couldn't memorise any spells.
You knew the following spells:

 Your Spells              Type           Power      Damage    Failure   Level
a - Sting                 Tmut/Pois      76%        1d6       2%          1
b - Poisonous Vapours     Pois/Air       38%        N/A       3%          2
c - Mephitic Cloud        Conj/Pois/Air  19%        N/A       8%          3
d - Ignite Poison         Fire/Tmut/Pois 19%        N/A       8%          3
e - Olgreb's Toxic Radia  Pois           19%        N/A       24%         4
f - Sandblast             Erth           38%        2d10      2%          1
Your spell library was empty.

Dungeon Overview and Level Annotations

Branches:
Dungeon (3/15)

Altars:

Annotations:
D:3 Ijyb


Innate Abilities, Weirdness & Mutations

You are immune to poison.
Your flesh is very heat resistant. (rF++)
You are vulnerable to cold. (rC-)
You float through the air rather than walking.
You learn spells naturally, not from books.
Your magical power is your life essence.
You have superior vitality. (+4 HP)


Message History

You kill the giant cockroach!
You can't see any susceptible monsters within range! (Use Z to cast anyway.)
Found a stone staircase leading up.
Found 14 stones.
Found a hardcover book.
You see here a book of Necromancy.
Found a stone staircase leading down.
No target in view!
Found a club.
You now have 69 gold pieces (gained 2).
There is a stone staircase leading down here.
A frilled lizard comes into view.
A frilled lizard is nearby!
The frilled lizard hisses angrily.
The sting misses the frilled lizard.
The sting hits the frilled lizard.
The frilled lizard is poisoned.
The frilled lizard is heavily wounded.
The frilled lizard barely misses you.
You miscast Sting.
You are very lightly contaminated with residual magic.
Nothing appears to happen.
The frilled lizard barely misses you.
The sting hits the frilled lizard.
The frilled lizard looks even sicker.
You kill the frilled lizard!
Okay, then.
As you read the scroll labelled EHIDUPNUACW, it crumbles to dust.
A profound silence engulfs you.
It was a scroll of silence.
Okay, then.
You see here a frilled lizard corpse.
Your magical contamination has completely faded away.
Ijyb the Twisted Goblin comes into view.
She is wielding a +0 dagger, wearing a +2 leather armour of willpower and carrying a wand of mindburst (20).
Ijyb is nearby!
Your hearing returns.
Ijyb zaps a wand.
Your mind is blasted!
Ouch! That really hurt!
* * * LOW HITPOINT WARNING * * *
Ijyb zaps a wand.
You barely resist. Ijyb screams, "Me kill you!"
Ijyb zaps a wand.
Your mind is blasted!
Ouch! That really hurt!
You die...

..........# #.#######.#
..........####.#<....#
.....##.##.........#.#.######
......#.##.........# #......#
.####.#.##...........# #.# .#
#.#.##.............. #g# .#
#...######.......... #.# .#
##..###################.# .#
#.>......†.@.....g.....# ##
########################


You could see Ijyb.

Vanquished Creatures
  Robin (D:2)
  2 adders
  2 worms (D:2)
  5 dart slugs
  3 endoplasms
  4 giant cockroaches
  14 goblins
  7 hobgoblins (D:2)
  4 jackals (D:3)
  3 kobolds
  A quokka (D:1)
  2 ball pythons (D:1)
  2 bats
  2 frilled lizards
  6 rats
58 creatures vanquished.

Notes
Turn   | Place    | Note
-------+----------+-------------------------------------------
     0 | D:1      | leviel the Djinni Venom Mage began the quest for the Orb.
     0 | D:1      | Reached XP level 1. HP: 15/15 MP: 0/0
   298 | D:1      | Reached skill level 3 in Spellcasting
   298 | D:1      | Reached XP level 2. HP: 11/21 MP: 0/0
   870 | D:1      | Reached XP level 3. HP: 25/25 MP: 0/0
   870 | D:1      | Learned a level 1 spell: Sandblast
  1054 | D:2      | Noticed Robin
  1100 | D:2      | Killed Robin
  1255 | D:2      | Reached XP level 4. HP: 31/31 MP: 0/0
  1275 | D:2      | Reached skill level 4 in Spellcasting
  1836 | D:3      | Noticed Ijyb
  1850 | D:3      | Blown up by Ijyb

Illustrated notes

Levels and vault maps discovered:
D:1:      mrwooster_arrival_statue, layout_rooms, minmay_misc_feat_tiny
D:2:      layout_basic, chequers_serial_rivers_micro_b, uniq_robin
D:3:      layout_basic, overflow_temple_1_default,
          shapermc_ecumenical_altar_totnotflames, moated_statue, uniq_ijyb

Skill      XL: |  1  2  3  4 |
---------------+-------------+-----
Spellcasting   | 3 4 |  4.3
Stealth        | 2 |  2.1
Fighting       | |  0.5
Dodging        | |  2.3

Action                   |  1- 3 |  4- 6 || total
-------------------------+-------+-------++-------
Melee: Unarmed           |     5 |     3 ||     8
 Cast: Sting             |    76 |    46 ||   122
  Use: Scroll            |       |     1 ||     1
Armor: Robe              |     6 |     1 ||     7
Dodge: Dodged            |    25 |    15 ||    40

Table legend: (Time is in decaauts)
 A = Elapsed time spent in this place.
 B = Non-inter-level travel time spent in this place.
 C = Inter-level travel time spent in this place.
 D = Time resting spent in this place.
 E = Time spent auto-exploring this place.
 F = Levels seen in this place.
 G = Mean time per level.
                   A        B        C        D        E       F      G
               +--------+--------+--------+--------+--------+-----+--------+
         Total |   1849 |   1810 |     39 |    154 |   1334 |   3 |  616.3 |
       Dungeon |   1849 |   1810 |     39 |    154 |   1334 |   3 |  616.3 |
               +--------+--------+--------+--------+--------+-----+--------+

Top non-repeatable levels by time:
     D:1: 1018 daAuts
     D:2: 638 daAuts
     D:3: 192 daAuts
